Map: Terraform LE (Void)

Players

Sledgehammer

  • Race: Zerg Zerg
  • League: Grandmaster

HzVee - Winner!

  • Race: Protoss Protoss

VOD

Have the link to the VOD?

Description

Time

  • Played on: Oct. 13, 2015, 8:33 p.m.
  • Length: 13:12
Show
View Real Time Build Order
Export as new Build Order

Sledgehammer Zerg 

Build Orders: Pool First 

Get SALT Encoding   

  12  0:03  Drone  
  13  0:19  Drone  
  13  0:20  Overlord  
  14  0:36  Spawning Pool  
  14  0:39  Drone  
  14  0:48  Drone x2  
  16  1:07  Drone, Extractor  
  16  1:21  Hatchery  
  16  1:25  Drone  
  16  1:27  Drone  
  17  1:34  Zergling x2  
  18  1:46  Queen  
  20  1:49  Zergling x2  
  21  2:14  Drone  
  22  2:17  Overlord x2  
  22  2:22  Metabolic Boost  
  22  2:32  Roach Warren  
  21  2:48  Spine Crawler  
  21  2:54  Spine Crawler  
  21  2:55  Drone x2  
  22  3:00  Drone x2  
  24  3:12  Drone x2  
  27  3:22  Queen  
  29  3:38  Lair  
  33  3:41  Roach x3  
  33  3:42  Overlord  
  33  3:45  Drone  
  33  3:48  Extractor  
  35  3:49  Extractor  
  35  3:50  Drone  
  37  3:59  Overlord  
  37  4:12  Overlord  
  35  4:33  Queen  
  35  4:34  Drone  
  35  4:35  Drone x2  
  40  4:41  Spore Crawler  
  40  4:43  Spore Crawler  
  38  4:54  Spire  
  38  4:59  Drone x3  
  40  5:00  Extractor  
  40  5:04  Queen  
  41  5:13  Queen  
  43  5:21  Hydralisk Den  
  43  5:23  Zergling x2  
  43  5:24  Evolution Chamber x2, Zergling x6  
  44  5:33  Drone x5  
  44  5:34  Drone x2  
  51  5:48  Drone  
  52  5:50  Overlord x2  
  52  5:53  Lurker Den  
  52  6:14  Extractor  
  52  6:15  Zerg Missile Weapons Level 1  
  51  6:27  Hydralisk  
  51  6:28  Hydralisk  
  55  6:34  Extractor  
  54  6:57  Drone  
  54  6:58  Drone x5  
  60  7:03  Zerg Ground Armor Level 1  
  60  7:07  Overlord x3  
  60  7:26  Overlord x2  
  60  7:28  Drone x5  
  65  7:39  Drone x2  
  65  7:40  Drone x3  
  70  7:54  Hatchery  
  69  8:10  Hatchery  
  68  8:21  Zerg Missile Weapons Level 2  
  68  8:23  Corruptor x3  
  68  8:24  Corruptor x2  
  78  8:29  Hydralisk x2  
  82  8:55  Hydralisk x4  
  82  8:56  Hydralisk x5  
  100  9:40  Drone  
  100  9:41  Drone x11  
  100  9:43  Overlord x4  
  110  10:33  Hydralisk  
  110  10:34  Hydralisk x11  
  134  10:44  Corruptor  
  134  10:45  Corruptor x4  
  134  10:49  Muscular Augments  
  144  10:55  Extractor  
  144  10:56  Extractor  
  142  11:11  Hatchery  
  141  11:41  Infestation Pit  
  141  11:43  Queen  
  142  11:54  Lurker  
  142  11:55  Lurker  
  142  11:56  Overlord x2  
  142  11:57  Overlord x3  
  124  12:25  Overlord x2, Corruptor x6  
  124  12:26  Corruptor x2  
  126  12:35  Corruptor  
Show
View Real Time Build Order
Export as new Build Order

HzVee Protoss - Winner!

Build Orders: Oracle Opening, Carrier Rush 

Get SALT Encoding   

  12  0:02  Probe (Chrono Boost)  
  13  0:13  Probe (Chrono Boost)  
  14  0:22  Pylon  
  14  0:23  Probe (Chrono Boost)  
  15  0:41  Probe (Chrono Boost)  
  16  0:45  Gateway  
  16  0:49  Assimilator  
  16  0:51  Probe (Chrono Boost)  
  17  1:01  Assimilator  
  17  1:02  Probe (Chrono Boost)  
  18  1:12  Probe (Chrono Boost)  
  19  1:23  Probe (Chrono Boost)  
  20  1:25  Pylon  
  20  1:33  Probe (Chrono Boost)  
  20  1:35  Cybernetics Core  
  20  1:36  Zealot  
  23  1:44  Probe (Chrono Boost)  
  24  1:56  Gateway  
  24  2:12  Warp Gate (Chrono Boost)  
  24  2:18  Stargate  
  25  2:23  Probe (Chrono Boost)  
  25  2:33  Probe (Chrono Boost)  
  26  2:40  Stalker  
  28  2:48  Nexus  
  28  2:57  Pylon  
  28  3:05  Oracle  
  31  3:13  Pylon  
  30  3:38  Adept x2  
  34  3:55  Probe (Chrono Boost)  
  35  4:07  Probe (Chrono Boost), Fleet Beacon  
  36  4:17  Pylon  
  36  4:18  Mothership Core (Chrono Boost)  
  36  4:23  Probe (Chrono Boost)  
  39  4:29  Carrier (Chrono Boost)  
  39  4:31  Stalker  
  39  4:33  Probe (Chrono Boost)  
  42  4:43  Probe (Chrono Boost)  
  49  4:53  Probe  
  49  4:56  Stalker  
  52  5:03  Probe  
  53  5:09  Pylon  
  53  5:12  Pylon  
  53  5:14  Probe  
  54  5:24  Probe  
  55  5:31  Assimilator  
  55  5:32  Assimilator  
  55  5:34  Stalker x2  
  55  5:35  Probe  
  60  5:53  Probe  
  61  6:04  Probe  
  62  6:14  Probe  
  62  6:16  Carrier (Chrono Boost)  
  63  6:25  Probe  
  60  6:28  Stalker x2  
  65  6:37  Gateway, Probe  
  65  6:38  Gateway  
  72  6:48  Probe  
  72  6:53  Protoss Air Weapons Level 1 (Chrono Boost)  
  73  6:55  Graviton Catapult  
  73  7:01  Probe  
  74  7:06  Pylon, Carrier  
  74  7:15  Robotics Facility  
  74  7:21  Pylon  
  74  7:26  Forge  
  74  7:31  Probe  
  74  7:34  Stalker x2  
  85  7:43  Probe  
  86  7:55  Probe  
  87  8:02  Carrier  
  87  8:05  Photon Cannon  
  87  8:07  Observer, Photon Cannon  
  87  8:09  Protoss Shields Level 1  
  94  8:38  Nexus  
  94  8:44  Pylon  
  94  8:48  Pylon  
  94  8:56  Immortal  
  94  9:01  Stalker x2  
  102  9:09  Gateway  
  102  9:11  Gateway  
  102  9:15  Pylon  
  102  9:23  Pylon, Carrier  
  102  9:30  Stalker  
  102  9:31  Stalker x2  
  106  9:35  Immortal  
  112  9:49  Stalker  
  114  9:56  Probe  
  121  10:06  Probe  
  122  10:15  Gateway  
  122  10:16  Gateway  
  122  10:17  Probe  
  121  10:30  Protoss Air Weapons Level 2 (Chrono Boost)  
  121  10:42  Pylon  
  121  10:45  Photon Cannon  
  121  10:47  Photon Cannon  
  121  10:49  Assimilator  
  121  10:52  Stalker x3  
  127  11:11  Immortal  
  131  11:20  Stalker  
  131  11:21  Stalker  
  131  11:22  Probe  
  136  11:33  Probe  
  137  11:50  Nexus  
  137  11:51  Immortal  
  141  12:20  Pylon  
  133  12:30  Stalker, Observer  
  133  12:31  Stalker x3  
  133  12:32  Stalker x2  
  140  13:02  Twilight Council  
  140  13:06  Robotics Bay  
Tags
 
Add a new tag
Caveats
  • Supply blocks, unpowered buildings, or Contaminate may cause inaccurate times.
  • Supply counts are checked every 10 seconds.